 Dungeon Crawl Stone Soup version 0.23-a0-819-g6debee6 (webtiles) character file.

10922 Blackhawk the Cleaver (level 11, -2/87 HPs)
             Began as a Demonspawn Fighter on Jan 22, 2019.
             Was an Elder of Qazlal.
             Splashed by Erica's acid (15 damage)
             ... on level 1 of the Lair of Beasts.
             The game lasted 00:30:57 (13050 turns).

Blackhawk the Cleaver (Demonspawn Fighter)         Turns: 13050, Time: 00:30:57

Health: -2/87      AC: 21    Str: 20    XL:     11   Next: 42%
Magic:  11/11      EV:  6    Int:  9    God:    Qazlal [****..]
Gold:   286        SH: 15    Dex: 13    Spells: 10/10 levels left

rFire    + . .     SeeInvis .   B - +2 hand axe (venom)
rCold    . . .     Gourm    .   c - +0 shield
rNeg     . . .     Faith    .   G - +0 plate armour
rPois    +         Spirit   .   (helmet restricted)
rElec    .         Reflect  .   (no cloak)
rCorr    .         Harm     .   t - +0 pair of gloves
MR       .....                  (no boots)
Stlth    ..........             (no amulet)
HPRegen  0.24/turn              I - ring of poison resistance
MPRegen  0.12/turn              e - ring of protection from fire

@: sanguine armour, repel missiles
A: antennae 1, foul stench 1, nightstalker 1, rot immunity, sanguine armour 1
a: Upheaval, Elemental Force, Renounce Religion


You were on level 1 of the Lair of Beasts.
You worshipped Qazlal.
Qazlal was greatly pleased with you.
You were not hungry.

You visited 2 branches of the dungeon, and saw 11 of its levels.

You collected 504 gold pieces.
You spent 218 gold pieces at shops.

Inventory:

Hand Weapons
 a - a +0 war axe
 u - a +0 battleaxe of electrocution
 B - a +2 hand axe of venom (weapon)
 D - a +1 whip of venom
Armour
 b - a +0 scale mail
 c - a +0 shield (worn)
 t - a +0 pair of gloves (worn)
 G - a +0 plate armour (worn)
Jewellery
 e - a ring of protection from fire (right hand)
 y - an uncursed ring of wizardry
 z - an uncursed ring of stealth
 I - a ring of poison resistance (left hand)
Wands
 w - a wand of polymorph (3)
 x - a wand of enslavement (21)
 A - a wand of paralysis (1)
 E - a wand of random effects (21)
Scrolls
 g - 2 scrolls of teleportation
 i - a scroll of enchant armour
 l - 2 scrolls of magic mapping
 m - 2 scrolls of immolation
 q - 2 scrolls of fear
 r - 6 scrolls of remove curse
 F - 2 scrolls of fog
 K - a scroll of enchant weapon
Potions
 d - 2 potions of might
 h - a potion of invisibility
 j - 4 potions of brilliance
 n - 2 potions of haste
 o - 4 potions of agility
 p - a potion of heal wounds
 s - 3 potions of curing
 v - 4 potions of magic
 C - a potion of berserk rage
 H - a potion of mutation
Comestibles
 f - 16 rations


   Skills:
 + Level 8.9 Fighting
 * Level 10.6 Axes
 + Level 8.1 Armour
 - Level 3.9 Dodging
 + Level 6.7 Shields


You had 10 spell levels left.
You didn't know any spells.
Your spell library contained the following spells:

 Spells                   Type           Power        Failure   Level  Hunger
 Magic Dart               Conj           #...         100%        1    ##.....
 Blink                    Tloc           N/A          100%        2    ###....
 Call Imp                 Summ           #.......     100%        2    ###....
 Slow                     Hex            #.......     100%        2    ###....
 Conjure Flame            Conj/Fire      #.......     100%        3    ####...
 Mephitic Cloud           Conj/Pois/Air  #.......     100%        3    ####...


Dungeon Overview and Level Annotations

Branches:
Dungeon (10/15)            Temple (0/1) D:6            Lair (1/6) D:8
    Orc: D:9-12

Altars:
Makhleb
Nemelex Xobeh
Okawaru
Qazlal
Ru
Uskayaw
Vehumet
Xom
The Shining One

Shops:
D:5 (   D:9 }   D:10 !

Annotations:
Lair:1 Erica


Innate Abilities, Weirdness & Mutations

You have a pair of small antennae on your head.
You may emit foul miasma when damaged in melee.
You are slightly more attuned to the shadows.
You are immune to rotting.
When seriously injured, your bleeding wounds create armour. (AC +6)


Message History

A bolt of poison appears from out of thin air!
You resist. The bolt of poison hits you.
You bump into the rock wall.
You hear some strange, mumbled words.
A bolt of poison appears from out of thin air!
You resist. The bolt of poison hits you.
You bump into the rock wall.
Something hits you!
You bump into the rock wall.
You feel less confused. Something hits you.
You miss something. You hit the fungus but do no damage.
You hit the plant but do no damage. You hit something but do no damage.
You hit the fungus. You hit the plant.
You are no longer corroded.
You hear a zap.
A bolt of acid appears from out of thin air!
The bolt of acid hits you!
* * * LOW HITPOINT WARNING * * *
You are splashed with acid!
You die...

#..................
##.................
#.P###.####......#
#.P# ######.....#.
#.## ...........#
##.# ....##.....#
#P<# ... #.......
##.## .. #..H..#.
#P@P# . #.....#
##{## #.....# #.#
#...... #.# #.. #..
#..


There were no monsters in sight!

Vanquished Creatures
  Harold (D:7)
  3 two-headed ogres
  A gargoyle (D:10)
  2 komodo dragons
  4 trolls (D:9)
  A hornet (D:8)
  4 hippogriffs
  5 yaks (D:10)
  A hungry ghost (D:9)
  Menkaure (D:5)
  A soldier ant (D:8)
  2 sky beasts
  4 ice beasts
  3 phantoms
  5 orc warriors
  A necrophage (D:8)
  An ogre (D:5)
  A crocodile (D:9)
  5 big kobolds
  A gnoll sergeant (D:7)
  7 bullfrogs
  A wyvern zombie (D:9)
  4 scorpions
  8 howler monkeys
  4 crimson imps
  4 jellies
  4 hounds
  A centaur skeleton (D:7)
  5 orc priests
  2 iguanas
  Jessica (D:2)
  6 worker ants
  23 orc wizards
  A killer bee zombie (D:9)
  A hound zombie (D:9)
  A worker ant zombie (D:6)
  9 gnolls
  8 adders
  A shadow imp (D:10)
  2 oozes
  2 adder skeletons
  4 worms
  2 dart slugs
  2 leopard geckos
  45 orcs
  5 bats
  5 giant cockroaches
  4 goblins
  11 hobgoblins
  A quokka (D:6)
  2 ball pythons
  5 frilled lizards
  33 kobolds
  A leopard gecko skeleton (D:4)
  2 quokka zombies
  11 rats
275 creatures vanquished.

Vanquished Creatures (others)
  A bat (D:2)
  A goblin (D:2)
  4 plants (D:8)
6 creatures vanquished.

Grand Total: 281 creatures vanquished

Notes
Turn   | Place    | Note
-------+----------+-------------------------------------------
     0 | D:1      | Blackhawk the Demonspawn Fighter began the quest for the
                  | Orb.
     0 | D:1      | Reached XP level 1. HP: 18/18 MP: 1/1
    71 | D:1      | Reached skill level 2 in Axes
    76 | D:1      | Gained mutation: When seriously injured, your bleeding
                  | wounds create armour. (AC +6) [demonic ancestry]
    76 | D:1      | Reached XP level 2. HP: 20/24 MP: 2/2
   584 | D:1      | Reached XP level 3. HP: 26/29 MP: 3/3
  1272 | D:2      | Found a radiant altar of Vehumet.
  1412 | D:2      | Reached XP level 4. HP: 32/36 MP: 4/4
  1488 | D:2      | Noticed a +0 dagger
  1491 | D:2      | Noticed a +0 hand axe
  1494 | D:2      | Found a hide-covered altar of Uskayaw.
  1576 | D:2      | Noticed Jessica
  1583 | D:2      | Killed Jessica
  1639 | D:2      | Found a sparkling altar of Nemelex Xobeh.
  1986 | D:3      | Gained mutation: You are immune to rotting. [demonic
                  | ancestry]
  1986 | D:3      | Reached XP level 5. HP: 39/42 MP: 5/5
  2093 | D:3      | Reached skill level 3 in Axes
  2443 | D:3      | Gained mutation: You may emit foul miasma when damaged in
                  | melee. [demonic ancestry]
  2443 | D:3      | Reached XP level 6. HP: 25/48 MP: 6/6
  3189 | D:4      | Reached skill level 4 in Axes
  3646 | D:4      | Reached skill level 1 in Dodging
  4054 | D:4      | Reached XP level 7. HP: 51/55 MP: 7/7
  4163 | D:4      | HP: 2/55 [orc wizard/puff of flame (12)]
  4571 | D:4      | Found a glowing golden altar of the Shining One.
  4600 | D:5      | Entered Level 5 of the Dungeon
  4619 | D:5      | Found a sparkling altar of Nemelex Xobeh.
  4833 | D:5      | Noticed Menkaure
  4840 | D:5      | Killed Menkaure
  4840 | D:5      | Reached skill level 5 in Fighting
  4840 | D:5      | Reached skill level 5 in Axes
  5033 | D:5      | Found a stormy altar of Qazlal.
  5041 | D:5      | Became a worshipper of Qazlal Stormbringer
  5066 | D:5      | Found Cianod's Weapon Shoppe.
  5088 | D:5      | Gained mutation: You are slightly more attuned to the
                  | shadows. [demonic ancestry]
  5088 | D:5      | Reached XP level 8. HP: 54/62 MP: 8/8
  5581 | D:6      | Reached skill level 5 in Armour
  5593 | D:6      | Reached skill level 6 in Axes
  6151 | D:6      | Found a sacrificial altar of Ru.
  6243 | D:6      | Reached * piety under Qazlal
  6525 | D:6      | Found a staircase to the Ecumenical Temple.
  6563 | D:6      | Reached XP level 9. HP: 69/69 MP: 9/9
  6733 | D:5      | Bought a +2 hand axe of venom for 218 gold pieces
  6802 | D:7      | Reached skill level 7 in Axes
  7085 | D:7      | Noticed Harold
  7115 | D:7      | Killed Harold
  7620 | D:7      | Reached ** piety under Qazlal
  7626 | D:7      | Reached skill level 8 in Axes
  7850 | D:7      | Found an iron altar of Okawaru.
  8185 | D:7      | Found a burning altar of Makhleb.
  8520 | D:8      | Found a staircase to the Lair.
  8521 | D:8      | Noticed a komodo dragon
  8604 | D:8      | Found a hide-covered altar of Uskayaw.
  8906 | D:8      | Reached XP level 10. HP: 79/79 MP: 10/10
  9093 | D:8      | Reached skill level 5 in Shields
  9416 | D:9      | Noticed a two-headed ogre
  9968 | D:9      | Reached skill level 9 in Axes
 10089 | D:9      | Found a shimmering altar of Xom.
 10089 | D:9      | Found a shimmering altar of Xom.
 10148 | D:9      | Found a shimmering altar of Xom.
 10157 | D:9      | Found a shimmering altar of Xom.
 10159 | D:9      | Found a shimmering altar of Xom.
 10187 | D:9      | Got a coiled ruby amulet
 10220 | D:9      | Noticed a two-headed ogre
 10232 | D:9      | Killed a two-headed ogre
 10311 | D:9      | Found a shimmering altar of Xom.
 10350 | D:9      | Found Uclat's Gadget Shoppe.
 10593 | D:9      | Reached *** piety under Qazlal
 11196 | D:9      | Identified the amulet "Dith" {Harm *Drain Str+2 Int+4} (You
                  | found it on level 9 of the Dungeon)
 11233 | D:10     | Entered Level 10 of the Dungeon
 11394 | D:10     | Noticed a gargoyle
 11596 | D:10     | Reached skill level 10 in Axes
 11596 | D:10     | Gained mutation: You have a pair of small antennae on your
                  | head. [demonic ancestry]
 11596 | D:10     | Reached XP level 11. HP: 77/87 MP: 11/11
 12089 | D:10     | Found Baumeb Cuse's Distillery.
 12268 | D:10     | Noticed a two-headed ogre
 12276 | D:10     | Killed a two-headed ogre
 12559 | D:10     | Reached **** piety under Qazlal
 12776 | D:8      | Killed a two-headed ogre
 12817 | Lair:1   | Entered Level 1 of the Lair of Beasts
 12969 | Lair:1   | Noticed Erica
 13050 | Lair:1   | Splashed by Erica's acid

Vault maps used:
D:1:      saegor_arrival_miasma, kennysheep_doodads
D:2:      fiery_altar_vehumet, dancing_weapons_uskayaw,
          nemelex_spade_bored_becter, uniq_jessica
D:3:      minmay_goblin_kobold_house
D:4:      tso_oasis_becter, first_ration
D:5:      lemuel_coloured_pillars_altar, nemelex_xobeh_ov_fountains_minmay,
          serial_shops, shop, uniq_menkaure
D:6:      minmay_temple_entry_statues_pillars, minmay_misc_feat_roman,
          nicolae_ru_sacrificial_ziggurat
D:7:      kennysheep_okawaru_gauntlet, kennysheep_little_box, uniq_harold
D:8:      david_lair_shrubbed, basic_altar, hangedman_pestilent_swarm
D:9:      serial_shops, shop, minmay_misc_feat_tiny, corexii_corridor_pit,
          xom_redecorated
D:10:     serial_shops, shop, minmay_misc_feat_encased, serial_bayou_pond_e
Lair:1:   uniq_erica, uniq_nergalle

Skill      XL: |  1  2  3  4  5  6  7  8  9 10 11 |
---------------+----------------------------------+-----
Axes           | 2 3 4 5 6 8 10 | 10.6
Armour         | 3 4 5 6 7 8 |  8.1
Shields        | 3 4 6 |  6.7
Fighting       | 4 5 6 7 8 |  8.9
Dodging        | 1 2 3 |  3.9

Action                   |  1- 3 |  4- 6 |  7- 9 | 10-12 || total
-------------------------+-------+-------+-------+-------++-------
Melee: War axe           |   121 |    40 |       |       ||   161
       Battleaxe         |       |    97 |   175 |       ||   272
       Hand axe          |       |       |   161 |   383 ||   544
Evoke: Wand              |       |       |       |    10 ||    10
  Use: Scroll            |       |       |     6 |    13 ||    19
 Stab: Paralysed         |       |       |       |     7 ||     7
  Eat: Chunk             |     2 |     8 |    16 |     9 ||    35
       Ration            |       |       |       |     2 ||     2
Armor: Scale mail        |    67 |    89 |   169 |     5 ||   330
       Plate armour      |       |       |       |   121 ||   121
Dodge: Dodged            |    42 |    74 |   179 |    64 ||   359
Block: Shield            |    98 |    15 |    54 |   225 ||   392
       Other             |       |       |     9 |       ||     9

Table legend:
 A = Non-vault XP
 B = Vault XP
 C = Vault XP percentage of total XP
 D = Non-vault monster count
 E = Vault monster count
 F = Vault count percentage of total count
                 A         B        C        D         E       F
            +---------+---------+-------+---------+---------+-------
      Total |   13513 |    2091 |  13.4 |     263 |      12 |   4.4
            +---------+---------+-------+---------+---------+-------
        D:1 |      46 |       0 |   0.0 |      24 |       0 |   0.0
        D:2 |      78 |      37 |  32.2 |      26 |       1 |   3.7
        D:3 |     257 |       6 |   2.3 |      21 |       4 |  16.0
        D:4 |     417 |       0 |   0.0 |      19 |       0 |   0.0
        D:5 |     549 |     175 |  24.2 |      12 |       1 |   7.7
        D:6 |    1464 |       0 |   0.0 |      33 |       0 |   0.0
        D:7 |     819 |     981 |  54.5 |      34 |       1 |   2.9
        D:8 |    1741 |     892 |  33.9 |      15 |       5 |  25.0
        D:9 |    4038 |       0 |   0.0 |      48 |       0 |   0.0
       D:10 |    3743 |       0 |   0.0 |      30 |       0 |   0.0
     Lair:1 |     361 |       0 |   0.0 |       1 |       0 |   0.0
            +---------+---------+-------+---------+---------+-------
